cohdb
Replays
Latest Replays
All Replays
Popular Replays
Top Player Replays
Match Explorer
How It Works
Community
CoH3 Stats
Reddit
Sign in to upload your games and track your stats! →
Sign in with Steam
Match 45097337
Unlisted
Match 45097337
Overview
Messages
Build Orders
End
Selects Luftwaffe Battlegroup
Selects Luftwaffe Pioneer Support
Fallschirmpioneer Squad Paradrop
Kettenkrad Recon Vehicle
Fallschirmpioneer Squad Paradrop
Construct Infanterie Kompanie
Fallschirmpioneer Squad Paradrop
Infanterie Officer Quarters
Selects Flak 38 Anti-Air Emplacement
Fallschirmpioneer Squad Paradrop
Construct Panzergrenadier Kompanie
Support Elements
StuG III G Assault Gun
Medical Bunker
Forward Retreat Point
Construct Panzer Kompanie
Selects Infantry Reserves
Panzer IV Medium Tank
Selects Reconnaissance Run
Panzer Officer Quarters
Embla
[PD] squisl
matthias-sto
Oberst Blech
6block
Mastercraft97
Mgsblade
KazakBoss4
0
0
Comments
sign in to comment!
No comments posted yet!